 Dungeon Crawl Stone Soup version 0.17-a0-1651-gae1a69f (webtiles) character file.

608 Halas the Magician (level 7, 0/36 HPs)
             Began as a Gargoyle Earth Elementalist on Aug 14, 2015.
             Slain by an orc priest
             ... wielding a +0 short sword
              (2 damage)
             ... on level 5 of the Dungeon.
             The game lasted 00:31:10 (5092 turns).

Halas the Magician (Gargoyle Earth Elementalist)    Turns: 5092, Time: 00:31:10

Health: 0/36       AC:  7    Str: 12    XL:     7   Next: 43%
Magic:  0/16       EV: 12    Int: 17    God:
Gold:   276        SH:  0    Dex: 10    Spells: 3 memorised, 12 levels left

rFire  + + .     SeeInvis .     a - 24 stones
rCold  + . .     Clarity  .     n - +0 robe
rNeg   + + .     SustAt   .     (no shield)
rPois  ∞         Gourm    .     (no helmet)
rElec  +         Spirit   .     (no cloak)
rCorr  +         Warding  .     o - +0 pair of gloves
rMut   .         Stasis   +     (no boots)
MR     .....                    v - amulet of stasis
Stlth  ++........               u - ring of positive energy
                                f - ring of protection from fire

@: resistant, not resistant to hostile enchantments, unstealthy
A: negative energy resistance 1, electricity resistance, unbreathing,
petrification resistance, rot immunity, AC +4
a: no special abilities


You were on level 5 of the Dungeon.
You were not hungry.

You visited 1 branch of the dungeon, and saw 5 of its levels.

You collected 276 gold pieces.

Inventory:

Hand weapons
 b - a +0 mace
Missiles
 a - 24 stones (in hand)
Armour
 j - a +0 chain mail
 n - a +0 robe (worn)
 o - a +0 pair of gloves (worn)
Jewellery
 f - a ring of protection from fire (left hand)
 u - a ring of positive energy (right hand)
 v - an amulet of stasis (around neck)
Scrolls
 e - 3 scrolls of teleportation {unknown}
 h - a scroll of immolation {unknown}
 k - 2 scrolls of amnesia {unknown}
 l - 3 scrolls of blinking
 m - 2 scrolls of identify {unknown}
 r - 2 scrolls of magic mapping {unknown}
 s - a scroll of enchant armour {unknown}
 w - 4 scrolls of remove curse {unknown}
 y - a scroll of recharging {unknown}
 D - a scroll of fog {unknown}
Potions
 p - a potion of cure mutation {unknown}
 q - a potion of cancellation {unknown}
 t - a potion of heal wounds {unknown}
 z - a potion of resistance
 A - a potion of lignification {unknown}
 B - a potion of might {unknown}
 C - a potion of brilliance {unknown}
 F - a potion of poison {unknown}
 G - a potion of haste {unknown}
Books
 c - a book of Geomancy

   Spells                             Type                      Level
   a - Sandblast                      Earth                        1
   b - Stoneskin                      Transmutation/Earth          2
   c - Passwall                       Transmutation/Earth          3
   d - Stone Arrow                    Conjuration/Earth            3
   e - Petrify                        Transmutation/Earth          4
   f - Lee's Rapid Deconstruction     Earth                        5
Comestibles
 d - 4 bread rations
 g - 4 meat rations
 i - a fruit
 x - 3 beef jerkies


   Skills:
 - Level 1.5 Dodging
 - Level 2.1 Stealth
 - Level 6.3 Spellcasting
 - Level 0.7 Transmutations
 * Level 6.1 Earth Magic


You had 12 spell levels left.
You knew the following spells:

 Your Spells              Type           Power        Failure   Level  Hunger
a - Sandblast             Erth           ####..       1%          1    None
b - Stone Arrow           Conj/Erth      ###...       12%         3    ##.....
c - Stoneskin             Trmt/Erth      ###.....     4%          2    None


Dungeon Overview and Level Annotations

Branches:
Dungeon (5/15)
 Temple: D:4-7

Altars:
Makhleb
Sif Muna
Xom

Annotations:
D:4 1 exclusion


Innate Abilities, Weirdness & Mutations

You are resistant to torment.
Your stone body is resilient (AC +4).
You are immune to poison.
You resist negative energy.
You are resistant to electric shocks.
You can survive without breathing.
You are immune to petrification.
You are immune to rotting.


Message History

You open the door.
The orc priest calls down the wrath of Beogh upon you.
Pain shoots through your body!
* * * LOW HITPOINT WARNING * * *
Found a pitted scale mail.
Found a stone staircase leading down.
There is an open door here.
Things that are here:
a falchion; a leather armour; an orc corpse
Casting: Sandblast
Confirm with . or Enter, or press ? or * to list all spells.
Aiming: Sandblast
Press: ? - help, Shift-Dir - straight line, f/p - orc priest
Aim: an orc priest, wielding a short sword and wearing a chain mail The rocky blast misses the orc priest.
The orc priest hits you with a short sword.
* * * LOW HITPOINT WARNING * * *
It was a potion of resistance.
You feel protected.
The orc priest hits you with a short sword.
You die...

######### .......>#
####.......# #..'.......#
#.##.......# #.##.......#
#.#o..####.. #.#@##.....
#.#)# ....# #.#.# .[..#
####...# ...# #....#.#
...# #....#..+. ..+
#######...##.##. #
#......#........# .####
#.#.#..##.##....#####....#


You could see an orc priest.

Vanquished Creatures
  A scorpion (D:4)
  A crimson imp (D:3)
  Ijyb (D:3)
  3 orc priests
  3 giant frog skeletons
  2 orc wizards (D:4)
  3 worker ants
  8 adders
  A shadow imp (D:4)
  2 oozes
  An adder skeleton (D:4)
  9 worms
  14 orcs
  A ball python (D:2)
  8 bats
  6 giant cockroaches
  5 goblins
  5 hobgoblins
  3 quokkas
  2 giant geckos (D:1)
  A giant gecko skeleton (D:4)
  5 giant newts
  8 kobolds
  5 rats
98 creatures vanquished.

Notes
Turn   | Place    | Note
--------------------------------------------------------------
     0 | D:1      | Halas the Gargoyle Earth Elementalist began the quest for the Orb.
     0 | D:1      | Reached XP level 1. HP: 10/10 MP: 3/3
   130 | D:1      | Reached skill level 4 in Earth Magic
   304 | D:1      | Reached XP level 2. HP: 13/15 MP: 1/5
  1104 | D:2      | Reached skill level 5 in Earth Magic
  1104 | D:2      | Reached XP level 3. HP: 19/19 MP: 4/6
  1109 | D:2      | Learned a level 3 spell: Stone Arrow
  1654 | D:2      | Found a shimmering altar of Xom.
  1659 | D:2      | Found a deep blue altar of Sif Muna.
  1692 | D:2      | Reached XP level 4. HP: 20/24 MP: 0/7
  2050 | D:2      | Found a burning altar of Makhleb.
  2491 | D:3      | Noticed Ijyb
  2495 | D:3      | Killed Ijyb
  2495 | D:3      | Reached XP level 5. HP: 28/28 MP: 6/10
  3005 | D:3      | Learned a level 2 spell: Stoneskin
  3242 | D:4      | Reached XP level 6. HP: 29/32 MP: 8/13
  3451 | D:4      | Reached skill level 5 in Spellcasting
  4108 | D:5      | Entered Level 5 of the Dungeon
  4399 | D:5      | Reached skill level 6 in Spellcasting
  4399 | D:5      | Reached XP level 7. HP: 20/36 MP: 6/16
  5092 | D:5      | Slain by an orc priest

Vault maps used:
D:1:      mrwooster_arrival_statue_3, minmay_misc_feat_diagonals, minivault_24,
          minmay_cupped
D:2:      nicolae_overflow_hidden_temple, grunt_temple_overflow_open,
          first_bread
D:3:      moated_statue, patterned_corridor, uniq_iyjb
D:4:      mrwooster_statue_mirror, minmay_misc_feat_roman
D:5:      basic_altar, serial_shops, shop, kennysheep_mini_moat, st_stairs_11,
          uniq_duvessa, uniq_blork_the_orc

Action                   |  1- 3 |  4- 6 |  7- 9 || total
-------------------------+-------+-------+-------++-------
Melee: Unarmed           |    20 |       |       ||    20
       Dagger            |     7 |       |       ||     7
       Club              |    29 |       |       ||    29
       Mace              |    23 |     1 |    19 ||    43
 Cast: Sandblast         |    40 |    96 |    43 ||   179
       Stone Arrow       |     2 |     7 |     5 ||    14
       Stoneskin         |       |     1 |       ||     1
  Use: Scroll            |       |     1 |       ||     1
       Potion            |       |       |     1 ||     1
 Stab: Sleeping          |     1 |       |     1 ||     2
  Eat: Chunk             |     3 |     7 |     3 ||    13
       Fruit             |     1 |     1 |       ||     2
